 Dungeon Crawl Stone Soup version 0.28-a0-503-g83f2989fac (webtiles) character file.

Game seed: 102935115049459976

4366 Squid the Cleaver (level 10, -2/86 HPs)
             Began as a Yellow Draconian Berserker on Sept 20, 2021.
             Was an Elder of Trog.
             Slain by a death yak (6 damage)
             ... on level 8 of the Dungeon.
             The game lasted 00:29:04 (10572 turns).

Squid the Cleaver (Yellow Draconian Berserker)     Turns: 10572, Time: 00:29:04

Health: -2/86      AC: 12    Str: 26    XL:     10   Next: 13%
Magic:  10/10      EV:  8    Int:  8    God:    Trog [****..]
Gold:   220        SH: 13    Dex: 10    Spells: 9/9 levels left

rFire   + . .      SeeInvis .   j - +3 war axe (vorpal) {Do you like my axe axe}
rCold   . . .      Faith    .   c - +0 tower shield {No u}
rNeg    . . .      Spirit   .   (armour unavailable)
rPois   .          Reflect  .   (helmet restricted)
rElec   +          Harm     .   b - +2 cloak {Sans Jacket}
rCorr   +          Rampage  .   e - +0 pair of gloves {Str+3} {Budget Infinity Gaunlet}
Will    .....                   d - +0 pair of boots {Heeleys}
Stlth   ++........              (no amulet)
HPRegen 0.24/turn               k - ring of protection from fire {Pretty hot ngl}
MPRegen 0.12/turn               g - ring of flight {Ring from Lord of the Rings}

@: on berserk cooldown, flying, slowed, very slow
A: spit acid, AC +7, unfitting armour, cold-blooded, acid resistance, hooves 1,
electricity resistance, noise suppression
a: Breathe Acid, Renounce Religion, Berserk, Trog's Hand, Brothers in Arms


You were on level 8 of the Dungeon.
You worshipped Trog.
Trog was greatly pleased with you.
You visited 2 branches of the dungeon, and saw 9 of its levels.

You collected 380 gold pieces.
You spent 160 gold pieces at shops.

Inventory:

Hand Weapons
 j - a +3 vorpal war axe (weapon) {Do you like my axe axe}
Armour
 b - a +2 cloak (worn) {Sans Jacket}
 c - a +0 tower shield (worn) {No u}
 d - a +0 pair of boots (worn) {Heeleys}
 e - a +0 pair of gloves of strength (worn) {Budget Infinity Gaunlet}
Jewellery
 g - a ring of flight (right hand) {Ring from Lord of the Rings}
 k - a ring of protection from fire (left hand) {Pretty hot ngl}
Wands
 h - a wand of acid (8)
Scrolls
 f - 6 scrolls of identify
 i - 3 scrolls of fear
 l - a scroll of magic mapping {unknown}
 n - a scroll of blinking {unknown}
Potions
 a - 3 potions of haste
 m - a potion of berserk rage


   Skills:
 + Level 7.6 Fighting
 - Level 0.3 Long Blades
 + Level 9.2(9.9) Axes
 - Level 5.8(8.3) Maces & Flails
 - Level 0.5(5.7) Polearms
 - Level 2.7 Dodging
 + Level 3.0 Stealth
 + Level 7.4 Shields


You had 9 spell levels left.
You didn't know any spells.
Your spell library was empty.

Dungeon Overview and Level Annotations

Branches:
Dungeon (8/15)             Temple (1/1) D:4
   Lair: D:8-11

Altars:
Ashenzari
Cheibriados
Dithmenos
Elyvilon
Fedhas
Gozag
Hepliaklqana
Kikubaaqudgha
Makhleb
Nemelex Xobeh
Okawaru
Qazlal
Ru
Sif Muna
Trog
Uskayaw
Vehumet
Wu Jian
Xom
Yredelemnul
Zin

Shops:
D:2 *   D:5 [*[*[


Innate Abilities, Weirdness & Mutations

You can spit globs of acid.
Your golden yellow scales are hard. (AC +7)
You cannot fit into any form of body armour.
You are cold-blooded and may be slowed by cold attacks.
You are resistant to acid. (rCorr)
You have large cloven feet.
You are resistant to electric shocks. (rElec)
You passively dampen the noise of your surroundings.


Message History

Your Axes skill increases to level 9!
You have reached level 10!
You hit the death yak. You tail-slap the death yak.
The death yak is lightly wounded.
The death yak gores you! You block the death yak's attack.
You hit the death yak.
Your tail-slap misses the death yak.
The death yak is lightly wounded.
The death yak gores you. You block the death yak's attack.
You hit the death yak.
The death yak is moderately wounded.
You block the death yak's attack. The death yak completely misses you.
The death yak gores you!
You hit the death yak but do no damage.
The death yak is lightly wounded.
You block the death yak's attack. The death yak gores you.
You hit the death yak but do no damage.
You tail-slap the death yak, but do no damage.
The death yak is lightly wounded.
You block the death yak's attack.
The death yak gores you but does no damage.
You hit the death yak. You tail-slap the death yak.
The death yak is moderately wounded.
The yak snorts and paws the ground.
You block the death yak's attack. The death yak gores you!!
You slash the death yak!
The death yak is heavily wounded.
You block the death yak's attack. The death yak gores you.
You slash the death yak!
The death yak is severely wounded.
The death yak gores you!!
* * * LOW HITPOINT WARNING * * *
The yak snorts and paws the ground.
The death yak gores you!
* * * LOW HITPOINT WARNING * * *
As you read the scroll of fear, it crumbles to dust.
You assume a fearsome visage.
The death yak easily resists.
The death yak looks frightened!
The yak looks frightened! x3
You have got your breath back.
The death yak gores you.
You die...

.. ... ... . #.###
.^#.... .......
Y......############
#...YYY.YY@......#
.....############.#
... #.# . #.# #.#
#.# #.# #.# #.#


You could see 2 death yaks and 3 yaks.

Vanquished Creatures
  A death yak (D:8)
  6 yaks (D:7)
  A vampire (D:6)
  A water moccasin (D:5)
  An orc warrior (D:6)
  3 ice beasts (D:7)
  A sky beast (D:7)
  A necrophage (D:4)
  2 black bears (D:6)
  The ghost of CougarLife the Shield-Bearer, an amateur GnFi of Okawaru (D:4)
  An ogre (D:4)
  2 centaurs
  3 phantoms
  2 kobold brigands
  2 bullfrogs
  2 scorpions
  A water moccasin zombie (D:6)
  A water moccasin skeleton (D:6)
  A bullfrog zombie (D:6)
  A centaur zombie (D:7)
  2 hounds (D:6)
  4 orc priests
  2 centaur skeletons
  Jessica (D:2)
  3 iguanas
  8 orc wizards
  A killer bee zombie (D:7)
  A hound skeleton (D:5)
  3 howler monkey zombies
  4 gnolls (D:5)
  4 adders
  2 white imps (D:6)
  An adder zombie (D:5)
  2 adder skeletons (D:4)
  3 worms
  A dart slug (D:4)
  31 orcs
  3 endoplasms
  2 giant cockroaches
  5 goblins
  6 hobgoblins
  9 kobolds
  3 quokkas (D:4)
  9 ball pythons
  5 bats
  8 frilled lizards
  5 rats
  A spectral goblin (D:1)
163 creatures vanquished.

Notes
Turn   | Place    | Note
-------+----------+-------------------------------------------
     0 | D:1      | Squid the Draconian Berserker began the quest for the Orb.
     0 | D:1      | Reached XP level 1. HP: 19/19 MP: 1/1
   244 | D:1      | Reached XP level 2. HP: 20/26 MP: 2/2
   411 | D:1      | Found a faded altar of an unknown god.
   956 | D:2      | Reached ** piety under Trog
  1013 | D:2      | Found Sereph's General Store.
  1118 | D:2      | Noticed Jessica
  1129 | D:2      | Killed Jessica
  1130 | D:2      | Reached XP level 3. HP: 25/33 MP: 3/3
  1642 | D:2      | Reached XP level 4. HP: 30/40 MP: 4/4
  2931 | D:3      | Reached XP level 5. HP: 8/47 MP: 5/5
  3722 | D:3      | Gained mutation: You passively dampen the noise of your
                  | surroundings. [potion of mutation]
  3722 | D:3      | Gained mutation: You are resistant to electric shocks.
                  | (rElec) [potion of mutation]
  3722 | D:3      | Gained mutation: You have large cloven feet. [potion of
                  | mutation]
  3844 | D:4      | Found a runed translucent door.
  3859 | D:4      | Noticed a necrophage
  3860 | D:4      | Noticed CougarLife's ghost (amateur GnFi)
  3869 | D:4      | Killed a necrophage
  3870 | D:4      | Reached skill level 5 in Maces & Flails
  3870 | D:4      | Reached skill level 1 in Stealth
  3870 | D:4      | Reached skill level 1 in Shields
  3885 | D:4      | Reached XP level 6. HP: 11/55 MP: 6/6
  4174 | D:4      | Killed CougarLife's ghost
  4175 | D:4      | Reached skill level 5 in Fighting
  4184 | D:4      | Found a runed translucent door.
  4456 | D:4      | Found a staircase to the Ecumenical Temple.
  4727 | D:4      | Your scales start taking on a golden yellow colour.
  4727 | D:4      | Reached XP level 7. HP: 61/61 MP: 7/7
  4727 | D:4      | Gained mutation: You are resistant to acid. (rCorr) [Yellow
                  | Draconian growth]
  4858 | Temple   | Entered the Ecumenical Temple
  5192 | D:4      | Reached skill level 1 in Axes
  5482 | D:4      | Reached *** piety under Trog
  5709 | D:5      | Entered Level 5 of the Dungeon
  5734 | D:5      | Reached skill level 2 in Axes
  6639 | D:5      | Found Ryful's Armour Shop.
  6651 | D:5      | Reached skill level 3 in Axes
  6736 | D:5      | Found Wufreefarph's Armour Boutique.
  6744 | D:5      | Bought a +0 pair of boots for 45 gold pieces
  6744 | D:5      | Bought a +0 pair of gloves of strength for 115 gold pieces
  6869 | D:5      | Found Yheppuif's General Store.
  6872 | D:5      | Found Qyttasip's Antique Armour Shop.
  7214 | D:5      | Reached skill level 4 in Axes
  7214 | D:5      | Reached XP level 8. HP: 66/69 MP: 8/8
  7461 | D:5      | Found Suarum's General Store.
  7808 | D:6      | Reached skill level 5 in Axes
  8065 | D:6      | Identified the +0 flail "Nesch" {spect, *Rage Will++ Str-2
                  | Dex+8}
  8160 | D:6      | Reached skill level 6 in Axes
  8160 | D:6      | Reached skill level 5 in Shields
  8735 | D:6      | Reached XP level 9. HP: 78/78 MP: 9/9
  9169 | D:7      | Reached skill level 7 in Axes
  9787 | D:7      | Reached **** piety under Trog
  9791 | D:7      | Reached skill level 8 in Axes
 10547 | D:8      | Noticed a death yak
 10547 | D:8      | Noticed a death yak
 10556 | D:8      | Noticed a death yak
 10563 | D:8      | Killed a death yak
 10564 | D:8      | Reached skill level 9 in Axes
 10564 | D:8      | Reached XP level 10. HP: 77/86 MP: 10/10
 10571 | D:8      | HP: 4/86 [death yak (9)]
 10572 | D:8      | Slain by a death yak

Illustrated notes

Levels and vault maps discovered:
D:1:      lightli_arrival_chessboard, layout_basic,
          dreamdust_ecumenical_altar_drowned_temple
D:2:      layout_basic, serial_shops, nicolae_diamond_shop, minmay_3d_cube,
          uniq_jessica
D:3:      layout_loops_ring, serial_rivers, chequers_serial_rivers_small_a,
          chequers_serial_rivers_large_b, chequers_serial_rivers_micro_b,
          chequers_serial_rivers_large_a, chequers_serial_rivers_marsh,
          chequers_serial_rivers_marsh, minmay_vboxes
D:4:      layout_cave_pools, minmay_temple_entry_grid, ebering_ghost_sewer_f
D:5:      layout_loops_ring, serial_glass, glass_columns_b, glass_columns_b,
          glass_columns_a, glass_columns_b, glass_columns_b, glass_columns_b,
          glass_columns_a, glass_columns_c, glass_columns_a, glass_columns_a,
          serial_shops, shop, nicolae_diamond_shop, shop,
          nicolae_shop_statue_plus, nicolae_shop_competitors_out_of_business
D:6:      layout_cave_pools
D:7:      layout_basic, st_stairs_6, grunt_ministairs_9,
          amcnicky_mini_corridor_feature
D:8:      layout_basic, dpeg_lair_monsters, uniq_prince_ribbit1
Temple:   regret_index_temple_sigil_plot

Skill      XL: |  1  2  3  4  5  6  7  8  9 |
---------------+----------------------------+-----
Fighting       | 4 5 6 7 |  7.6
Maces & Flails | 4 5 |  5.8
Stealth        | 1 2 3 |  3.0
Shields        | 1 2 3 5 7 |  7.4
Axes           | 4 6 9 |  9.2
Long Blades    | |  0.3
Polearms       | |  0.5
Dodging        | |  2.7

Action                   |  1- 3 |  4- 6 |  7- 9 | 10-12 || total
-------------------------+-------+-------+-------+-------++-------
Melee: Mace              |    60 |    24 |       |       ||    84
       Tailslap          |     3 |    20 |    44 |     3 ||    70
       Long sword        |    13 |       |       |       ||    13
       Flail             |       |    90 |       |       ||    90
       Kick              |       |    10 |    10 |       ||    20
       Spear             |       |    11 |       |       ||    11
       Hand axe          |       |     1 |    23 |       ||    24
       War axe           |       |       |   269 |     8 ||   277
Invok: Berserk           |       |     5 |     8 |       ||    13
 Abil: Breathe Acid      |       |       |    11 |       ||    11
  Use: Potion            |     1 |     4 |     4 |       ||     9
       Scroll            |     2 |     2 |     8 |     1 ||    13
 Stab: Sleeping          |       |     1 |     1 |       ||     2
Armor: Skin              |    46 |    86 |   150 |     1 ||   283
Dodge: Dodged            |    67 |    45 |   130 |     1 ||   243
Block: Tower shield      |       |    87 |   237 |     7 ||   331

Table legend: (Time is in decaauts)
 A = Elapsed time spent in this place.
 B = Non-inter-level travel time spent in this place.
 C = Inter-level travel time spent in this place.
 D = Time resting spent in this place.
 E = Time spent auto-exploring this place.
 F = Levels seen in this place.
 G = Mean time per level.
                   A        B        C        D        E       F      G
               +--------+--------+--------+--------+--------+-----+--------+
         Total |  10979 |  10635 |    344 |   2943 |   5595 |   9 | 1219.9 |
       Dungeon |  10677 |  10387 |    290 |   2943 |   5366 |   8 | 1334.6 |
        Temple |    301 |    247 |     54 |      0 |    229 |   1 |  301.0 |
               +--------+--------+--------+--------+--------+-----+--------+

Top non-repeatable levels by time:
     D:3: 1935 daAuts
     D:5: 1895 daAuts
     D:4: 1638 daAuts
     D:7: 1491 daAuts
     D:6: 1411 daAuts
     D:2: 1214 daAuts
     D:1: 822 daAuts
  Temple: 301 daAuts
     D:8: 268 daAuts
